 Dungeon Crawl Stone Soup version 0.22.0-1-g6561e4c (webtiles) character file.

253581 kirsanium the Warrior (level 19, -2/161 HPs)
             Began as a Demonspawn Fighter on Aug 12, 2018.
             Was the Champion of Qazlal.
             Killed from afar by a hellion (25 damage)
             ... with damnation
             ... summoned by a deep elf demonologist
             ... on level 3 of the Elven Halls.
             The game lasted 01:48:20 (50079 turns).

kirsanium the Warrior (Demonspawn Fighter)         Turns: 50079, Time: 01:48:21

Health: -2/161     AC: 33    Str: 22    XL:     19   Next: 0%
Magic:  25/25      EV: 10    Int: 20    God:    Qazlal [******]
Gold:   3439       SH: 24    Dex: 13    Spells: 13/19 levels left

rFire    + . .     SeeInvis +   a - +0 war axe (elec)
rCold    + . .     Gourm    .   E - +2 shield
rNeg     + . .     Faith    .   o - quicksilver dragon scales
rPois    .         Spirit   .   (helmet unavailable)
rElec    .         Reflect  .   t - +1 cloak
rCorr    .         Harm     .   F - +0 pair of gloves
MR       +++++     Clarity  +   G - +2 pair of boots {run}
Stlth    +.........             O - amulet of the Four Winds {rN+ MR+++ Clar}
HPRegen  0.36/turn              x - ring of Vodka {AC+6 Int+4}
MPRegen  0.19/turn              y - +4 ring of strength

@: very slightly contaminated, repel missiles, quick
A: antennae 3, molten scales 3, berserk 1, cold resistance 1, demonic guardian
2, rot immunity
}: 2/15 runes: decaying, serpentine
a: Upheaval, Elemental Force, Disaster Area, Renounce Religion


You were on level 3 of the Elven Halls.
You worshipped Qazlal.
Qazlal was exalted by your worship.
You were not hungry.

You visited 7 branches of the dungeon, and saw 35 of its levels.
You also visited: Ice Cave and Volcano.

You collected 4495 gold pieces.
You spent 1056 gold pieces at shops.

Inventory:

Hand Weapons
 a - a +0 war axe of electrocution (weapon)
 b - the +8 spear of Surat {freeze, rElec}
   (You took it off a spriggan on level 6 of the Lair of Beasts)

   It has been specially enchanted to freeze those struck by it, causing extra
   injury to most foes and up to half again as much damage against particularly
   susceptible opponents.
   It can also slow down cold-blooded creatures.
   It insulates you from electricity.
 v - a +1 broad axe
Missiles
 M - 4 throwing nets (quivered)
Armour
 o - quicksilver dragon scales (worn)
 t - a +1 cloak (worn)
 E - a +2 shield (worn)
 F - a +0 pair of gloves (worn)
 G - a +2 pair of boots of running (worn)
 T - a +0 plate armour
Magical Staves
 R - an uncursed staff of conjuration
Jewellery
 x - the ring of Vodka (left hand) {AC+6 Int+4}
   (You found it on level 3 of the Swamp)

   [ring of protection]

   It affects your AC (+6).
   It affects your intelligence (+4).
 y - a +4 ring of strength (right hand)
 I - an uncursed amulet of magic regeneration
 L - a +3 ring of evasion
 O - the amulet of the Four Winds (around neck) {rN+ MR+++ Clar}
   (You bought it in a shop on level 2 of the Orcish Mines)

   [amulet of nothing]

   It protects you from negative energy.
   It affects your resistance to hostile enchantments.
   It protects you against confusion.
 Q - an uncursed ring of protection from fire
 W - an uncursed ring of protection from cold
Wands
 e - a wand of clouds (4)
 D - a wand of flame (89)
 H - a wand of acid (29)
 J - a wand of digging (25)
 K - a wand of iceblast (17)
 S - a wand of paralysis (20)
 U - a wand of scattershot (6)
Scrolls
 c - a scroll of silence
 g - 7 scrolls of fear
 h - 9 scrolls of remove curse
 k - a scroll of enchant armour
 m - a scroll of summoning
 s - 6 scrolls of teleportation
 w - 2 scrolls of identify
 B - 6 scrolls of fog
 N - a scroll of enchant weapon
 P - a scroll of magic mapping
 Y - 2 scrolls of blinking
Potions
 d - 5 potions of might
 i - a potion of cancellation
 j - 12 potions of curing
 n - 3 potions of magic
 p - 5 potions of brilliance
 q - 3 potions of resistance
 r - 4 potions of flight
 u - 4 potions of agility
 z - 4 potions of haste
 A - 2 potions of berserk rage
 C - 2 potions of invisibility
 X - a potion of lignification
 Z - 3 potions of ambrosia
Comestibles
 f - 40 rations
 l - a chunk of flesh


   Skills:
 + Level 17.2 Fighting
 + Level 15.9 Axes
 + Level 16.0 Armour
 - Level 15.0 Shields
 + Level 0.8 Spellcasting
 - Level 8.0 Invocations


You had 13 spell levels left.
You knew the following spells:

 Your Spells              Type           Power        Failure   Level  Hunger
a - Summon Butterflies    Summ           #.......     24%         1    ##.....
b - Borgnjor's Vile Clut  Necr/Erth      #.........   100%        5    ######.

Your spell library contained the following spells:

 Spells                   Type           Power        Failure   Level  Hunger
 Cause Fear               Hex            #.........   94%         4    #####..
 Fireball                 Conj/Fire      #.........   100%        5    ######.
 Conjure Flame            Conj/Fire      #.......     58%         3    ####...
 Bolt of Fire             Conj/Fire      #.........   100%        6    #######
 Bolt of Cold             Conj/Ice       #.........   100%        6    #######
 Bolt of Magma            Conj/Fire/Erth #.........   100%        5    ######.
 Confuse                  Hex            #.......     58%         3    ####...
 Throw Flame              Conj/Fire      #.....       36%         2    ###....
 Throw Frost              Conj/Ice       #.....       36%         2    ###....
 Freezing Cloud           Conj/Ice/Air   #.........   100%        6    #######
 Ring of Flames           Chrm/Fire      #.........   100%        7    #######
 Venom Bolt               Conj/Pois      #.........   100%        5    ######.
 Summon Small Mammal      Summ           #...         24%         1    ##.....
 Pain                     Necr           #...         24%         1    ##.....
 Freeze                   Ice            #...         24%         1    ##.....
 Ozocubu's Refrigeration  Ice            #.........   100%        6    #######
 Sticky Flame             Conj/Fire      #.......     94%         4    #####..
 Summon Ice Beast         Ice/Summ       #.......     94%         4    #####..
 Ozocubu's Armour         Chrm/Ice       #.......     58%         3    ####...
 Call Imp                 Summ           #.......     36%         2    ###....
 Iron Shot                Conj/Erth      #.........   100%        6    #######
 Ice Form                 Ice/Tmut       #.......     94%         4    #####..
 Deflect Missiles         Chrm/Air       #.........   100%        6    #######
 Throw Icicle             Conj/Ice       #.......     94%         4    #####..
 Shadow Creatures         Summ           N/A          100%        6    #######
 Confusing Touch          Hex            #.....       24%         1    ##.....
 Flame Tongue             Conj/Fire      #....        24%         1    ##.....
 Ignite Poison            Fire/Tmut/Pois #.......     58%         3    ####...
 Call Canine Familiar     Summ           #.......     58%         3    ####...
 Ensorcelled Hibernation  Hex/Ice        #.....       36%         2    ###....
 Metabolic Englaciation   Hex/Ice        #.........   100%        5    ######.
 Silence                  Hex/Air        #.........   100%        5    ######.
 Lee's Rapid Deconstruct  Erth           #.........   100%        5    ######.
 Simulacrum               Ice/Necr       #.........   100%        6    #######
 Petrify                  Tmut/Erth      #.......     94%         4    #####..
 Orb of Destruction       Conj           #.........   100%        7    #######
 Malign Gateway           Summ/Tloc      #.........   100%        7    #######
 Tornado                  Air            #.........   100%        9    #######
 Darkness                 Hex            #.........   100%        6    #######
 Inner Flame              Hex/Fire       #.......     58%         3    ####...
 Iskenderun's Battlesphe  Conj/Chrm      #.......     100%        5    ######.
 Discord                  Hex            #.........   100%        8    #######
 Summon Lightning Spire   Summ/Air       #.......     94%         4    #####..
 Summon Guardian Golem    Hex/Summ       #.......     58%         3    ####...
 Spellforged Servitor     Conj/Summ      #.........   100%        7    #######
 Gell's Gravitas          Tloc           #.........   58%         3    ####...
 Yara's Violent Unravell  Hex/Tmut       #.........   100%        5    ######.
 Ignition                 Fire           #.........   100%        8    #######


Dungeon Overview and Level Annotations

Branches:
Dungeon (15/15)            Temple (1/1) D:6            Lair (6/6) D:11
  Swamp (4/4) Lair:4        Snake (4/4) Lair:3        Slime (0/5) Lair:5
    Orc (2/2) D:12            Elf (3/3) Orc:2        Vaults (0/5) D:13
 Depths (0/5) D:15

Altars:
Ashenzari
Cheibriados
Dithmenos
Elyvilon
Fedhas
Gozag
Hepliaklqana
Kikubaaqudgha
Makhleb
Nemelex Xobeh
Okawaru
Qazlal
Ru
Sif Muna
Trog
Uskayaw
Vehumet
Wu Jian
Xom
Yredelemnul
Zin
The Shining One

Shops:
D:6 %!(?   D:15 (   Orc:2 =(*[   Snake:4 =(:?

Annotations:
D:8 3 runed doors, biddum's ghost, novice HaHu
Lair:4 3 runed doors, exclusion: 2 oklob plants, Waogryepn's ghost, journeyman MiMo
Swamp:2 exclusion: Roxanne, Roxanne
Elf:2 5 runed doors


Innate Abilities, Weirdness & Mutations

You have a pair of large antennae on your head. (SInv)
You are completely covered in molten scales. (AC +4, rF+)
Your flesh is cold resistant. (rC+)
A demonic guardian rushes to your aid.
You are immune to rotting.
You tend to lose your temper in combat.


Message History

You kill your butterfly!
The trident of distortion hits your butterfly!!
Your butterfly dies!
The trident of distortion completely misses your butterfly.
You hear a shout!
The ynoxinul misses your butterfly.
You hear a shout!
The deep elf demonologist rages.
You hear a grinding noise.
You hear a grinding noise.
The hellion is engulfed in blazing flames.
Your butterfly is struck by lightning.
You kill your butterfly!
You hear a shout!
The hellion is engulfed in freezing vapours.
The trident of distortion hits your butterfly!
Your butterfly dies!
The hellion gestures at you.
The sphere of damnation explodes!
The damnation engulfs you!
You die...

[((..2e.354e..).......
.<####e####{.)######..
.)###..{# ##)[(#
#3##.#...# #)([#
#...###..# #.))##
....# ###.#####)##
#...# #%#####(##
...b##.####e...##)##
...32....2(.§2..@<.##
.....###.#.§.§.§###.##
............§.§§#
##.##
#...##.###......#
##)##### #...#
#.###....## #..(..)#
#.##. #. #.$..#
#........# .# #
#.##.### ##......## #
#.#.# ########


You could see a hell beast, a deep elf demonologist (berserk), a hellion and a
trident of distortion.

Vanquished Creatures
  Vashnia (Snake:2)
  Rupert (D:13)
  A deep elf blademaster (Elf:3)
  4 thorn hunters
  3 nagarajas (Snake:4)
  A fire giant (D:15)
  A frost giant (IceCv)
  The ghost of conein the Nimble, a journeyman DgSu (Snake:3)
  2 deep elf sorcerers (Elf:3)
  Louise (Snake:2)
  An orc warlord (Orc:1)
  2 deep elf elementalists (Elf:3)
  2 deep elf demonologists (Elf:3)
  Azrael (Snake:3)
  3 deep elf annihilators (Elf:3)
  A deep elf death mage (Elf:3)
  A deep elf high priest (Elf:3)
  18 hydras
  Harold (D:8)
  4 catoblepae
  2 ghost crabs (Swamp:4)
  12 naga warriors
  5 anacondas
  A death knight (D:12)
  18 dancing weapons
  A centaur warrior (D:13)
  4 death yaks
  2 two-headed ogres
  10 alligators
  An ogre mage (D:13)
  3 orc high priests
  A spriggan berserker (Swamp:3)
  18 naga sharpshooters
  4 shock serpents
  A fire crab (Lair:6)
  2 salamander mystics (Snake:3)
  3 deep elf knights
  7 swamp dragons
  2 unseen horrors (D:15)
  A wizard (Elf:2)
  2 shambling mangroves
  11 deep elf archers
  3 naga ritualists
  4 orc knights
  10 mana vipers
  3 lindwurms
  47 deep elf magi
  A manticore (Lair:6)
  3 ugly things
  5 orc sorcerers
  2 cyclopes
  13 salamanders
  24 black mambas
  3 guardian serpents
  3 molten gargoyles (Volcano)
  9 spiny frogs
  A torpor snail (Lair:6)
  17 naga magi
  A kobold demonologist (D:14)
  3 efreet (Volcano)
  A komodo dragon (shapeshifter) (Elf:3)
  8 komodo dragons
  3 trolls
  3 meliai (D:15)
  12 polar bears
  Grinder (D:6)
  8 hornets
  33 slime creatures
  8 tyrant leeches
  8 blink frogs
  8 bog bodies
  3 dream sheep (Lair:4)
  5 hippogriffs
  31 yaks
  2 spriggans
  4 shadows
  3 air elementals (Elf:1)
  2 water elementals
  2 wyverns
  21 vampire mosquitoes
  8 fire elementals
  2 wargs (Orc:1)
  10 insubstantial wisps
  22 swamp worms
  49 nagas
  16 soldier ants
  2 acid dragons
  A hell hound (Snake:3)
  5 water moccasins
  5 porcupines
  11 swamp drakes
  36 orc warriors
  10 ice beasts
  A black bear (D:7)
  9 ogres
  3 sky beasts
  11 wolves
  3 phantoms
  9 centaurs
  6 crocodiles
  A big kobold (D:13)
  10 bullfrogs
  5 earth elementals
  7 scorpions
  2 killer bees (D:9)
  5 wights
  3 howler monkeys (D:9)
  3 crimson imps
  3 centaur zombies
  3 bullfrog zombies
  8 jellies
  2 centaur skeletons
  32 orc priests
  8 hounds
  A bullfrog skeleton (D:12)
  7 iguanas
  23 orc wizards
  21 worker ants
  2 hound zombies
  4 hound skeletons
  4 gnolls (D:10)
  9 adders
  4 shadow imps
  7 oozes
  An adder skeleton (D:10)
  2 adder zombies
  2 worms
  2 dart slugs
  3 leopard geckos
  98 orcs
  3 ball pythons
  6 giant cockroaches
  10 hobgoblins
  6 jackals
  16 kobolds
  7 quokkas
  9 bats
  5 frilled lizards
  8 goblins
  A leopard gecko skeleton (D:5)
  9 rats
  A briar patch (Swamp:3)
  A butterfly (Lair:3)
  2 crawling corpses (Elf:3)
  A fire vortex (Volcano)
  6 fungi
  A plant (Lair:4)
1072 creatures vanquished.

Vanquished Creatures (collateral kills)
  A tentacled monstrosity (Swamp:1)
  A deep elf master archer (Elf:3)
  Frances (Swamp:2)
  2 nagarajas (Snake:4)
  A very ugly thing (Swamp:2)
  2 entropy weavers (Lair:4)
  A deep elf death mage (Elf:2)
  5 hydras
  3 naga warriors
  A catoblepas (Lair:6)
  An anaconda (Snake:1)
  2 two-headed ogres
  3 centaur warriors
  A dancing weapon (Elf:3)
  A queen ant (Lair:4)
  4 death yaks (Lair:6)
  4 naga sharpshooters
  2 orc high priests (Orc:2)
  2 shock serpents
  A deep elf knight (D:13)
  A skeletal warrior (D:12)
  A naga ritualist (Snake:2)
  A swamp dragon (Swamp:4)
  A wizard (D:12)
  An orc knight (D:13)
  4 deep elf archers
  6 deep elf magi
  3 manticores
  3 mana vipers
  3 ugly things
  A cyclops (D:11)
  2 salamanders
  An orc sorcerer (Orc:2)
  Maurice (D:11)
  9 black mambas
  A torpor snail (Lair:4)
  A molten gargoyle (Volcano)
  A spiny frog (Lair:3)
  A komodo dragon (Lair:1)
  A kobold demonologist (D:13)
  A tyrant leech (Swamp:1)
  A polar bear (IceCv)
  4 blink frogs
  6 slime creatures
  2 hornets
  2 bog bodies
  3 dream sheep (Lair:4)
  2 wyverns
  18 yaks
  A yak (shapeshifter) (D:12)
  A fire elemental (Snake:3)
  A hungry ghost (D:11)
  A warg (Orc:2)
  A swamp worm (Swamp:2)
  10 vampire mosquitoes
  An insubstantial wisp (Swamp:1)
  A soldier ant (Lair:4)
  8 nagas
  2 water moccasins
  2 porcupines
  2 swamp drakes
  2 orc warriors
  A black bear (D:11)
  2 sky beasts
  4 ogres
  2 wolves
  2 centaurs
  4 crocodiles
  4 big kobolds
  4 bullfrogs
  2 scorpions
  5 killer bees
  3 wights (D:12)
  A crimson imp (D:8)
  3 hounds
  7 orc priests
  9 orc wizards
  3 worker ants (Lair:4)
  An adder (D:10)
  8 orcs
  A ball python (D:5)
  2 jackals (D:8)
  2 kobolds (D:6)
  A fungus (Lair:4)
225 creatures vanquished.

Vanquished Creatures (others)
  A deep elf death mage (Elf:3)
  A naga sharpshooter (Snake:1)
  2 deep elf knights
  2 deep elf magi
  A hornet (Swamp:2)
  5 polar bears (IceCv)
  A vampire mosquito (D:13)
  A naga (Snake:4)
  An ogre (D:13)
  6 wolves (IceCv)
  An orc (Orc:2)
  3 briar patches (Swamp:3)
  A fire vortex (Volcano)
  21 fungi
  15 plants
  7 toadstools (Swamp:2)
69 creatures vanquished.

Grand Total: 1366 creatures vanquished

Notes
Turn   | Place    | Note
-------+----------+-------------------------------------------
     0 | D:1      | kirsanium the Demonspawn Fighter began the quest for the Orb.
     0 | D:1      | Reached XP level 1. HP: 18/18 MP: 1/1
   323 | D:1      | Gained mutation: You have a pair of small antennae on your head. [demonic ancestry]
   323 | D:1      | Reached XP level 2. HP: 24/24 MP: 2/2
   531 | D:1      | Reached XP level 3. HP: 29/29 MP: 3/3
  1949 | D:2      | Found an iron altar of Okawaru.
  2194 | D:2      | Reached XP level 4. HP: 23/35 MP: 4/4
  2658 | D:3      | Gained mutation: A weak demonic guardian rushes to your aid. [demonic ancestry]
  2658 | D:3      | Reached XP level 5. HP: 37/42 MP: 5/5
  2959 | D:4      | Reached skill level 4 in Fighting
  3149 | D:4      | Gained mutation: You are immune to rotting. [demonic ancestry]
  3149 | D:4      | Reached XP level 6. HP: 34/48 MP: 6/6
  3856 | D:4      | Gained mutation: You are partially covered in molten scales. (AC +2) [demonic ancestry]
  3856 | D:4      | Reached XP level 7. HP: 19/55 MP: 7/7
  4293 | D:5      | Entered Level 5 of the Dungeon
  4607 | D:5      | Reached skill level 5 in Fighting
  4697 | D:5      | Got a smoking scale mail
  4698 | D:5      | Identified the +1 scale mail of Dice, Bag, and Bottle {*Drain +Fly rN++ rCorr} (You found it on level 5 of the Dungeon)
  5374 | D:6      | Found Keemn's Distillery.
  5651 | D:6      | Found a staircase to the Ecumenical Temple.
  5655 | D:6      | Reached skill level 5 in Armour
  5655 | D:6      | Reached skill level 5 in Shields
  5655 | D:6      | Reached XP level 8. HP: 53/63 MP: 8/8
  5663 | Temple   | Entered the Ecumenical Temple
  5771 | Temple   | Became a worshipper of Qazlal Stormbringer
  5822 | D:6      | Found Uhau's Food Shoppe.
  5941 | D:6      | Found an ancient bone altar of Kikubaaqudgha.
  5986 | D:6      | Found Bomoc's Magic Scroll Boutique.
  5994 | D:6      | Bought a scroll of teleportation for 30 gold pieces
  6078 | D:6      | Found Lylazxoq's Weapon Emporium.
  6099 | D:6      | Noticed Grinder
  6109 | D:6      | Killed Grinder
  6375 | D:7      | Reached skill level 5 in Axes
  6381 | D:7      | Reached skill level 6 in Fighting
  6591 | D:7      | Identified a +0 pair of boots of running (You found it on level 7 of the Dungeon)
  6803 | D:7      | Reached * piety under Qazlal
  6808 | D:7      | Reached XP level 9. HP: 49/71 MP: 12/12
  7212 | D:8      | Found a runed gate.
  7212 | D:8      | Found a runed gate.
  7212 | D:8      | Found a runed gate.
  7214 | D:8      | Noticed biddum's ghost (novice HaHu)
  7656 | D:8      | Reached skill level 5 in Invocations
  7884 | D:8      | Reached skill level 7 in Fighting
  7920 | D:8      | Noticed Harold
  8381 | D:8      | Killed Harold
  8931 | D:9      | Reached skill level 8 in Fighting
  8956 | D:9      | Reached ** piety under Qazlal
  9632 | D:10     | Entered Level 10 of the Dungeon
  9681 | D:10     | Noticed a two-headed ogre
  9687 | D:10     | Gained mutation: A demonic guardian rushes to your aid. [demonic ancestry]
  9687 | D:10     | Reached XP level 10. HP: 72/80 MP: 13/13
  9691 | D:10     | Killed a two-headed ogre
 11231 | D:11     | Noticed a white ugly thing
 11240 | D:11     | Reached skill level 9 in Fighting
 11255 | D:11     | Killed a white ugly thing
 11257 | D:11     | Noticed a cyclops
 11261 | D:11     | Killed a cyclops
 11385 | D:11     | Reached *** piety under Qazlal
 11544 | D:11     | Gained mutation: You have a pair of antennae on your head. [demonic ancestry]
 11544 | D:11     | Reached XP level 11. HP: 45/89 MP: 14/14
 11852 | D:11     | Found a staircase to the Lair.
 11974 | D:11     | Noticed Maurice
 11985 | D:11     | Killed Maurice
 12876 | Lair:1   | Entered Level 1 of the Lair of Beasts
 14676 | Lair:3   | Noticed a five-headed hydra
 14774 | Lair:3   | Killed a five-headed hydra
 14774 | Lair:3   | Reached skill level 10 in Fighting
 14984 | Lair:3   | Reached **** piety under Qazlal
 15001 | Lair:3   | Found a staircase to the Snake Pit.
 15542 | Lair:4   | Noticed an oklob plant
 15542 | Lair:4   | Noticed an oklob plant
 15831 | Lair:4   | Noticed Waogryepn's ghost (journeyman MiMo)
 15843 | Lair:4   | Gained mutation: You are mostly covered in molten scales. (AC +3) [demonic ancestry]
 15843 | Lair:4   | Reached XP level 12. HP: 72/98 MP: 18/18
 15935 | Lair:4   | Noticed a minotaur
 16024 | Lair:4   | Found a runed gate.
 16025 | Lair:4   | Found a runed gate.
 16026 | Lair:4   | Found a runed gate.
 16032 | Lair:4   | Noticed a catoblepas
 16040 | Lair:4   | Killed a catoblepas
 16058 | Lair:4   | Noticed an entropy weaver
 16065 | Lair:4   | Killed an entropy weaver
 16448 | Lair:4   | Found a staircase to the Swamp.
 16493 | Lair:4   | Reached skill level 10 in Armour
 16809 | Lair:4   | Noticed an entropy weaver
 16816 | Lair:4   | Killed an entropy weaver
 16816 | Lair:4   | Reached skill level 10 in Axes
 17041 | Lair:4   | Reached skill level 11 in Fighting
 17277 | Lair:4   | Noticed a queen ant
 17284 | Lair:4   | Killed a queen ant
 17286 | Lair:4   | Reached ***** piety under Qazlal
 17944 | Lair:5   | Noticed an eight-headed hydra
 18412 | Lair:5   | Killed an eight-headed hydra
 18558 | Lair:5   | Found a staircase to the Slime Pits.
 18657 | Lair:6   | Entered Level 6 of the Lair of Beasts
 18673 | Lair:6   | Noticed a seven-headed hydra
 18677 | Lair:6   | Killed a seven-headed hydra
 18693 | Lair:6   | Noticed a catoblepas
 18702 | Lair:6   | Killed a catoblepas
 18893 | Lair:6   | Gained mutation: You are completely covered in molten scales. (AC +4, rF+) [demonic ancestry]
 18893 | Lair:6   | Reached XP level 13. HP: 106/106 MP: 19/19
 18928 | Lair:6   | Got an ebony spear {freeze}
 18929 | Lair:6   | Identified the +8 spear of Surat {freeze, rElec} (You took it off a spriggan on level 6 of the Lair of Beasts)
 19003 | Lair:6   | Reached skill level 12 in Fighting
 20216 | D:12     | Found a shadowy altar of Dithmenos.
 20233 | D:12     | Found a staircase to the Orcish Mines.
 20956 | D:13     | Noticed Rupert
 20967 | D:13     | Killed Rupert
 21269 | D:13     | Reached skill level 10 in Shields
 21277 | D:13     | Reached XP level 14. HP: 116/116 MP: 20/20
 21286 | D:13     | Reached ****** piety under Qazlal
 21538 | D:13     | You fall through a shaft!
 21744 | D:14     | Found a frozen archway.
 21754 | IceCv    | Entered an ice cave
 21768 | IceCv    | Reached skill level 13 in Fighting
 22179 | IceCv    | Noticed a frost giant
 22186 | IceCv    | Killed a frost giant
 22201 | IceCv    | Identified the Almanac of the Creative Mountains
 23254 | D:13     | Found a snail-covered altar of Cheibriados.
 23393 | D:13     | Found a gate to the Vaults.
 23625 | D:15     | Entered Level 15 of the Dungeon
 23625 | D:15     | Found Leka's Antique Weapon Shop.
 23761 | D:15     | Found a staircase to the Depths.
 23871 | D:15     | Noticed a fire giant
 23885 | D:15     | Killed a fire giant
 24749 | Orc:1    | Entered Level 1 of the Orcish Mines
 24788 | Orc:1    | HP: 4/118 [orc priest/divine providence (14)]
 25404 | Orc:2    | Entered Level 2 of the Orcish Mines
 25442 | Orc:2    | Gained mutation: You tend to lose your temper in combat. [a neqoxec]
 25454 | Orc:2    | Found a staircase to the Elven Halls.
 25470 | Orc:2    | Found a dark tunnel.
 25478 | Volcano  | Entered a volcano
 26277 | Orc:2    | Gained mutation: Your flesh is cold resistant. (rC+) [demonic ancestry]
 26277 | Orc:2    | Reached XP level 15. HP: 72/125 MP: 21/21
 26508 | Orc:2    | Noticed an orc warlord
 26529 | Orc:1    | Killed an orc warlord
 27947 | Orc:2    | Found Dicasaga's General Store.
 27948 | Orc:2    | Found Nias's Jewellery Shop.
 27949 | Orc:2    | Found Wolidown's Antique Armour Boutique.
 27949 | Orc:2    | Found Norezuprupn's Antique Weapon Boutique.
 27964 | Orc:2    | Bought the amulet of the Four Winds {rN+ MR+++ Clar} for 746 gold pieces
 27964 | Orc:2    | Found the amulet of the Four Winds {rN+ MR+++ Clar}
 27976 | Orc:2    | Bought a slimy war axe for 280 gold pieces
 28233 | Swamp:1  | Entered Level 1 of the Swamp
 28246 | Swamp:1  | Noticed a tentacled monstrosity
 28265 | Swamp:1  | Killed a tentacled monstrosity
 28636 | Orc:2    | Identified the +1 war axe of Misery {flame, Dex+2} (You bought it in a shop on level 2 of the Orcish Mines)
 28817 | Swamp:1  | Reached skill level 14 in Fighting
 29826 | Swamp:2  | Noticed Frances
 29834 | Swamp:2  | Noticed a thorn hunter
 30473 | Swamp:2  | Killed a thorn hunter
 30701 | Swamp:2  | Noticed a thorn hunter
 30726 | Swamp:2  | Killed a thorn hunter
 30908 | Swamp:2  | Killed Frances
 31086 | Swamp:2  | Noticed Roxanne
 31780 | Swamp:3  | Reached XP level 16. HP: 126/134 MP: 22/22
 32204 | Swamp:3  | Got a flickering bone ring
 32205 | Swamp:3  | Identified the ring of Vodka {AC+6 Int+4} (You found it on level 3 of the Swamp)
 32275 | Swamp:3  | Noticed a thorn hunter
 32306 | Swamp:3  | Killed a thorn hunter
 33295 | Swamp:4  | Entered Level 4 of the Swamp
 34092 | Swamp:4  | Reached skill level 15 in Fighting
 34838 | Swamp:4  | Noticed a thorn hunter
 34851 | Swamp:4  | Killed a thorn hunter
 35573 | Swamp:4  | Got a decaying rune of Zot
 35908 | Snake:1  | Entered Level 1 of the Snake Pit
 38324 | Snake:2  | Reached XP level 17. HP: 105/142 MP: 23/23
 38474 | Snake:2  | Noticed Vashnia
 38504 | Snake:2  | Killed Vashnia
 39809 | Snake:2  | You fall through a shaft!
 39831 | Snake:3  | Noticed Azrael
 40827 | Snake:3  | Noticed Louise
 40885 | Snake:2  | Killed Louise
 41233 | Snake:3  | Reached skill level 16 in Fighting
 41323 | Snake:3  | Killed Azrael
 41720 | Snake:3  | Found a runed door.
 41721 | Snake:3  | Noticed conein's ghost (journeyman DgSu)
 41796 | Snake:3  | Killed conein's ghost
 42232 | Snake:4  | Entered Level 4 of the Snake Pit
 42252 | Snake:4  | Reached skill level 15 in Armour
 42917 | Snake:4  | Reached skill level 15 in Axes
 43449 | Snake:4  | Found Ucinov's Jewellery Shoppe.
 44431 | Snake:4  | Gained mutation: You have a pair of large antennae on your head. (SInv) [demonic ancestry]
 44431 | Snake:4  | Reached XP level 18. HP: 94/153 MP: 24/24
 45364 | Snake:4  | Found Saumug's Magic Scroll Emporium.
 45403 | Snake:4  | Found Mowkuuli's Book Shop.
 45437 | Snake:4  | Found Ujet's Weapon Shoppe.
 45824 | Snake:4  | Got a serpentine rune of Zot
 46170 | Elf:1    | Entered Level 1 of the Elven Halls
 48953 | Elf:2    | Identified the Papyrus of Sand
 48968 | Elf:2    | Identified the Compendium of Combed Thunderclap
 48975 | Elf:2    | Identified the Tome of Axaxaxas mlö
 49049 | Elf:2    | Reached skill level 17 in Fighting
 49167 | Elf:2    | Found a huge runed gate.
 49169 | Elf:2    | Found a huge runed gate.
 49169 | Elf:2    | Found a huge runed gate.
 49170 | Elf:2    | Found a huge runed gate.
 49170 | Elf:2    | Found a huge runed gate.
 49226 | Elf:3    | Entered Level 3 of the Elven Halls
 49457 | Elf:3    | Noticed a Tzitzimitl
 49985 | Elf:3    | Reached skill level 15 in Shields
 49998 | Elf:3    | Learned a level 1 spell: Summon Butterflies
 50004 | Elf:3    | Learned a level 5 spell: Borgnjor's Vile Clutch
 50043 | Elf:3    | Noticed an Ice Fiend
 50047 | Elf:3    | Reached XP level 19. HP: 53/161 MP: 25/25
 50079 | Elf:3    | Killed from afar by a hellion

Skill      XL: |  1  2  3  4  5  6  7  8  9 10 11 12 13 14 15 16 17 18 |
---------------+-------------------------------------------------------+-----
Axes           | 2 3 4 5 7 8 9 10 11 12 13 14 15 | 15.9
Shields        | 3 4 5 6 7 8 10 11 12 13 14 15 | 15.0
Armour         | 3 4 5 7 8 9 10 11 12 13 14 15 16 | 16.0
Fighting       | 4 5 6 8 9 10 11 12 13 14 15 16 17 | 17.2
Invocations    | 4 5 8 |  8.0
Spellcasting   | |  0.8

Action                   |  1- 3 |  4- 6 |  7- 9 | 10-12 | 13-15 | 16-18 | 19-21 || total
-------------------------+-------+-------+-------+-------+-------+-------+-------++-------
Melee: War axe           |   115 |   178 |       |    50 |  1034 |  2032 |       ||  3409
       Broad axe         |       |    35 |   367 |   603 |    72 |       |       ||  1077
       Spear             |       |       |       |       |    20 |   123 |       ||   143
 Cast: Summon Butterflie |       |       |       |       |       |       |     1 ||     1
Invok: Upheaval          |       |       |       |     5 |     2 |     2 |       ||     9
       Elemental Force   |       |       |       |       |     1 |       |       ||     1
       Disaster Area     |       |       |       |       |     1 |       |       ||     1
Evoke: Wand              |       |       |     3 |    16 |    13 |     5 |       ||    37
  Use: Scroll            |       |     4 |     4 |    18 |    16 |     6 |     4 ||    52
       Potion            |       |       |     4 |       |     4 |     2 |       ||    10
 Stab: Petrified         |       |       |       |     6 |       |       |       ||     6
       Distracted        |       |       |       |     1 |    14 |    12 |       ||    27
       Confused          |       |       |       |       |     1 |       |       ||     1
  Eat: Chunk             |     4 |     6 |    15 |    22 |    19 |    12 |       ||    78
       Ration            |       |       |     1 |     2 |     7 |    13 |       ||    23
Armor: Scale mail        |    51 |   136 |   203 |   116 |       |       |       ||   506
       Plate armour      |       |       |       |   203 |   478 |   379 |       ||  1060
       Quicksilver drago |       |       |       |       |       |   261 |     6 ||   267
Dodge: Dodged            |    30 |    75 |    99 |   167 |   213 |   416 |     3 ||  1003
       Deflected         |       |       |       |     2 |    13 |    66 |       ||    81
Block: Shield            |    59 |   120 |   232 |   470 |  1131 |  1892 |     9 ||  3913
